 Dungeon Crawl Stone Soup version 0.30-a0-824-g6c64550be9 (webtiles) character file.

Game seed: 11428753045352719623

1582 Nacht the Scholar of Death (level 8, -2/52 HPs)
             Began as a Demonspawn Necromancer on Feb 27, 2023.
             Was a Follower of Kikubaaqudgha.
             Slain by a sky beast (6 damage)
             ... on level 6 of the Dungeon.
             The game lasted 00:10:49 (7084 turns).

Nacht the Scholar of Death (Demonspawn Necromancer) Turns: 7084, Time: 00:10:50

Health: -2/52      AC:  6    Str:  8    XL:     8   Next: 60%
Magic:  1/17       EV: 11    Int: 20    God:    Kikubaaqudgha [*.....]
Gold:   334        SH:  0    Dex: 13    Spells: 11/19 levels left

rFire   . . .      SeeInvis .    s - +3 whip
rCold   . . .      Faith    .    (no shield)
rNeg    . . .      Spirit   .    e - +0 leather armour
rPois   .          Reflect  .    A - +1 helmet
rElec   .          Harm     .    (no cloak)
rCorr   .          Rampage  .    (no gloves)
Will    +....                    p - +0 pair of boots
Stlth   ++                       (no amulet)
HPRegen 0.28/turn                l - ring of willpower
MPRegen 0.15/turn                (no ring)

@: about to teleport
A: ignite blood 1, powered by pain 2, weakness stinger 1
a: Renounce Religion, Unearth Wretches


You were on level 6 of the Dungeon.
You worshipped Kikubaaqudgha.
Kikubaaqudgha was aware of your devotion.
You visited 2 branches of the dungeon, and saw 7 of its levels.

You collected 334 gold pieces.

Inventory:

Hand Weapons
 f - a +0 club
 s - a +3 whip (weapon)
 B - a +1 whip of draining
Missiles
 y - 2 throwing nets
 F - 6 poisoned darts
Armour
 a - a +0 robe
 e - a +0 leather armour (worn)
 o - a +0 hat
 p - a +0 pair of boots (worn)
 A - a +1 helmet (worn)
Jewellery
 l - a ring of willpower (left hand)
 D - an amulet of guardian spirit
Wands
 t - a wand of paralysis (5)
 H - a wand of mindburst (4) (quivered)
Scrolls
 d - 5 scrolls of identify {unknown}
 i - 3 scrolls of teleportation
 j - 2 scrolls of fog {unknown}
 k - 2 scrolls of magic mapping {unknown}
 n - a scroll of enchant weapon {unknown}
 r - 2 scrolls of poison {unknown}
 w - a scroll of amnesia {unknown}
 C - a scroll of fear {unknown}
 E - a scroll of brand weapon {unknown}
 G - a scroll of acquirement {unknown}
 I - 2 scrolls of blinking {unknown}
Potions
 b - 5 potions of curing {unknown}
 c - a potion of cancellation {unknown}
 g - 2 potions of haste {unknown}
 h - 2 potions of berserk rage {unknown}
 m - a potion of heal wounds {unknown}
 q - 3 potions of degeneration {unknown}
 u - a potion of might {unknown}
 v - 3 potions of attraction {unknown}
 x - 2 potions of magic
 z - a potion of mutation {unknown}


   Skills:
 - Level 1.7 Dodging
 - Level 1.7 Stealth
 + Level 6.1 Spellcasting
 + Level 8.4 Necromancy
 - Level 1.0 Ice Magic
 + Level 5.0 Earth Magic


You had 11 spell levels left.
You knew the following spells:

 Your Spells              Type           Power      Damage    Failure   Level
a - Necrotise             Necr           100%       1d9       1%          1
b - Vampiric Draining     Necr           39%        2d8       1%          3
c - Animate Dead          Necr           39%        N/A       4%          4

Your spell library contained the following spells:

 Spells                   Type           Power      Damage    Failure   Level
 Kiss of Death            Conj/Necr      92%        2d12      2%          1
 Cigotuvi's Dreadful Rot  Necr/Pois/Air  34%        N/A       7%          2
 Agony                    Necr           39%        N/A       13%         5
 Apportation              Tloc           12%        N/A       16%         1
 Summon Small Mammal      Summ           24%        N/A       16%         1
 Hailstorm                Conj/Ice       8%         3d4       36%         3
 Ignite Poison            Fire/Tmut/Pois 6%         N/A       41%         3
 Kindle Blastsparks       Fire/Tloc/Air  12%        2d11      41%         3
 Ice Form                 Ice/Tmut       8%         N/A       77%         4
 Simulacrum               Ice/Necr       12%        N/A       97%         6
 Freezing Cloud           Conj/Ice/Air   3%         6-21      98%         5


Dungeon Overview and Level Annotations

Branches:
Dungeon (6/15)             Temple (1/1) D:4

Altars:
Ashenzari
Cheibriados
Dithmenos
Fedhas
Gozag
Hepliaklqana
Kikubaaqudgha
Makhleb
Nemelex Xobeh
Okawaru
Qazlal
Ru
Sif Muna
Trog
Uskayaw
Vehumet
Wu Jian
Xom
Yredelemnul

Annotations:
D:2 1 runed translucent door, Crazy Yiuf
D:6 Pikel


Innate Abilities, Weirdness & Mutations

Your demonic aura sometimes causes spilled blood to erupt in flames.
You sometimes gain power by taking damage.
You have a small tail.


Message History

Casting: Vampiric Draining (safe; 1% risk of failure)
Confirm with . or Enter, or press ? or * to list all spells.
Aiming: Vampiric Draining (safe; 1% risk of failure)
Press: ? - help, Shift-Dir - straight line, f - Pikel
Aim: Pikel, wielding a +1 whip of freezing and wearing a +0 robe You draw life force from Pikel!
You feel life coursing into your body. Something hits you but does no damage.
Pikel hits you with a +1 whip of freezing.
Pikel freezes you. The lemure barely misses you.
Casting: Vampiric Draining (safe; 1% risk of failure)
Confirm with . or Enter, or press ? or * to list all spells.
Aiming: Vampiric Draining (safe; 1% risk of failure)
Press: ? - help, Shift-Dir - straight line, f/p - Pikel
Aim: Pikel, wielding a +1 whip of freezing and wearing a +0 robe (moderately wounded)
You draw life force from Pikel.
You feel life coursing into your body. Something hits you.
Something shocks you.
Pikel hits you with a +1 whip of freezing.
Pikel freezes you. The lemure hits you but does no damage.
Casting: Vampiric Draining (safe; 1% risk of failure)
Confirm with . or Enter, or press ? or * to list all spells.
Aiming: Necrotise (safe; 1% risk of failure)
Press: ? - help, Shift-Dir - straight line, f/p - Pikel
Aim: Pikel, wielding a +1 whip of freezing and wearing a +0 robe (moderately wounded, chance to affect: 83%) Pikel writhes in agony!
Something hits you. Something shocks you. Pikel barely misses you.
The lemure barely misses you.
As you read the scroll labelled QADYVU TUGURPH, it crumbles to dust.
You feel strangely unstable.
It was a scroll of teleportation.
Something completely misses you.
Pikel hits you with a +1 whip of freezing!
Pikel freezes you.
* * * LOW HITPOINT WARNING * * *
The lemure hits you!
* * * LOW HITPOINT WARNING * * *
Okay, then.
Okay, then.
Something hits you.
* * * LOW HITPOINT WARNING * * *
Something shocks you.
You die...
Kikubaaqudgha rasps: "You have failed me!
Welcome... death!"

###...........#.......#
#..
#####.......#.....###
### ###.....#..####
###..##### ######
###### ###.## ##.....
##.!...#####..# #......
#..?........#.##
##......
#.........K{##.#
#.......
...........@##>##
#.......
..........5.###.##
#....... .......~...##
#..# #.......
......≈≈..## ##.##
#....... #....≈≈.≈.#
#..####....##
##...≈..≈##
##...##.......
##.≈≈..~≈
#..........).. ##≈.(.##
#...#.########
.......#.#


You could see Pikel and a lemure.

Vanquished Creatures
  A steam dragon (D:5)
  A water moccasin (D:6)
  2 ice beasts
  An orc warrior (D:4)
  A kobold brigand (D:6)
  3 scorpions
  5 wights (D:6)
  2 hounds
  2 jellies (D:6)
  2 orc priests
  3 iguanas
  Ijyb (D:3)
  2 orc wizards
  Robin (D:4)
  3 gnolls
  9 adders
  An ufetubus (D:6)
  A worm (D:3)
  3 dart slugs
  10 orcs
  3 ball pythons (D:2)
  8 bats
  4 endoplasms
  2 giant cockroaches
  17 goblins
  9 hobgoblins
  2 jackals (D:3)
  5 quokkas
  3 frilled lizards
  13 kobolds
  3 rats (D:2)
  4 bushes (D:3)
127 creatures vanquished.

Vanquished Creatures (collateral kills)
  An adder (D:5)
  2 goblins
  A kobold (D:4)
  A ball python (D:1)
  A frilled lizard (D:2)
6 creatures vanquished.

Vanquished Creatures (others)
  7 plants (D:3)
7 creatures vanquished.

Grand Total: 140 creatures vanquished

Notes
Turn   | Place    | Note
-------+----------+-------------------------------------------
     0 | D:1      | Nacht the Demonspawn Necromancer began the quest for the
                  | Orb.
     0 | D:1      | Reached XP level 1. HP: 13/13 MP: 3/3
   244 | D:1      | Gained mutation: Your demonic aura sometimes causes spilled
                  | blood to erupt in flames. [demonic ancestry]
   244 | D:1      | Reached XP level 2. HP: 6/19 MP: 0/5
   502 | D:1      | You fall into a shaft and drop 1 floor!
  1062 | D:2      | Reached skill level 5 in Necromancy
  1062 | D:2      | Reached XP level 3. HP: 24/24 MP: 2/7
  1590 | D:2      | Gained mutation: You sometimes gain a little power by
                  | taking damage. [demonic ancestry]
  1590 | D:2      | Reached XP level 4. HP: 21/30 MP: 2/8
  1863 | D:2      | Reached skill level 1 in Ice Magic
  1947 | D:2      | Found a runed translucent door.
  1948 | D:2      | Noticed Crazy Yiuf
  2087 | D:2      | Learned a level 3 spell: Vampiric Draining
  2239 | D:3      | Noticed Ijyb
  2248 | D:3      | Paralysed by Ijyb for 3 turns
  2256 | D:3      | Paralysed by Ijyb for 5 turns
  2261 | D:3      | Killed Ijyb
  2273 | D:3      | Reached skill level 1 in Earth Magic
  2369 | D:3      | Reached XP level 5. HP: 35/35 MP: 7/10
  2497 | D:3      | Found a faded altar of an unknown god.
  4120 | D:4      | Noticed an ice beast
  4129 | D:4      | Killed an ice beast
  4130 | D:4      | Reached skill level 6 in Necromancy
  4130 | D:4      | Reached XP level 6. HP: 41/41 MP: 1/11
  4221 | D:4      | Noticed Robin
  4342 | D:4      | Killed Robin
  4431 | D:4      | Found a sand-covered staircase.
  4437 | D:4      | Learned a level 4 spell: Animate Dead
  4658 | D:4      | Identified the +5 mace of Piusicsu {holy, rC+ Will- rCorr}
  4839 | D:4      | Found a staircase to the Ecumenical Temple.
  4879 | Temple   | Entered the Ecumenical Temple
  4879 | Temple   | Found a transporter.
  4879 | Temple   | Found a transporter.
  4948 | Temple   | Found a transporter.
  4948 | Temple   | Found a transporter.
  5040 | D:4      | Noticed an orc warrior
  5063 | D:4      | Killed an orc warrior
  5064 | D:4      | Gained mutation: You have a small tail. [demonic ancestry]
  5064 | D:4      | Reached XP level 7. HP: 32/46 MP: 1/13
  5365 | D:4      | Found a shadowy altar of Dithmenos.
  5369 | D:4      | Found a hazy altar of Hepliaklqana.
  5372 | D:4      | Found an ancient bone altar of Kikubaaqudgha.
  5452 | D:4      | Became a worshipper of Kikubaaqudgha
  5517 | D:5      | Entered Level 5 of the Dungeon
  5543 | D:5      | Noticed a steam dragon
  5551 | D:5      | Killed a steam dragon
  5552 | D:5      | Reached skill level 7 in Necromancy
  5841 | D:5      | Reached skill level 5 in Spellcasting
  6057 | D:5      | Identified the +2 short sword "Kik Soam" {holy, rElec rN++
                  | Str-3 SInv}
  6376 | D:6      | Gained mutation: You sometimes gain power by taking damage.
                  | [demonic ancestry]
  6376 | D:6      | Reached XP level 8. HP: 52/52 MP: 10/16
  6681 | D:6      | Reached skill level 8 in Necromancy
  6681 | D:6      | Reached * piety under Kikubaaqudgha
  6681 | D:6      | Received a gift from Kikubaaqudgha
  7072 | D:6      | Reached skill level 5 in Earth Magic
  7077 | D:5      | Noticed Pikel
  7084 | D:6      | Slain by a sky beast

Illustrated notes

Levels and vault maps discovered:
D:1:      dpeg_arrival_boxorama, layout_rooms
D:2:      wad_river_or_something, layout_basic, serial_glass, glass_columns_c,
          glass_columns_a, glass_columns_a, glass_columns_c,
          uniq_crazy_yiuf_cottage
D:3:      layout_loops_ring, shapermc_ecumenical_altar_mp_vishouse,
          serial_forest, infiniplex_forest_end_3, infiniplex_forest_straight_3,
          infiniplex_forest_zigzag_1, infiniplex_forest_lined_4_way,
          infiniplex_forest_straight_2, infiniplex_forest_side_room,
          infiniplex_forest_straight_4, infiniplex_forest_split,
          infiniplex_forest_end_2, uniq_ijyb
D:4:      layout_rooms, grunt_temple_overflow_diamond,
          minmay_temple_entry_junction, chequers_ossuary_entry_cave, uniq_robin
D:5:      layout_basic, uniq_pikel
D:6:      layout_cave_pods, corexii_shack, chequers_serial_rivers_small_b,
          minmay_misc_feat_iff
Temple:   hellmonk_temple_divided_pantheon

Skill      XL: |  1  2  3  4  5  6  7  8 |
---------------+-------------------------+-----
Necromancy     | 5 6 7 8 |  8.4
Spellcasting   | 3 4 5 6 |  6.1
Ice Magic      | 1 |  1.0
Earth Magic    | 1 2 3 4 5 |  5.0
Dodging        | |  1.7
Stealth        | |  1.7

Action                     |  1- 3 |  4- 6 |  7- 9 || total
---------------------------+-------+-------+-------++-------
  Melee: Unarmed           |     2 |       |       ||     2
         Club              |    10 |       |       ||    10
         Whip              |       |   626 |    11 ||   637
         Punch             |       |    10 |       ||    10
         Tailslap          |       |       |     2 ||     2
   Cast: Necrotise         |    69 |   121 |    63 ||   253
         Vampiric Draining |       |    10 |    14 ||    24
  Evoke: Wand              |       |     6 |     8 ||    14
    Use: Potion            |     1 |       |       ||     1
         Scroll            |       |       |     1 ||     1
 Armour: Leather armour    |    30 |    22 |    23 ||    75
         Robe              |     1 |       |       ||     1
  Dodge: Dodged            |    57 |    50 |    35 ||   142

Table legend: (Time is in decaauts)
 A = Elapsed time spent in this place.
 B = Non-inter-level travel time spent in this place.
 C = Inter-level travel time spent in this place.
 D = Time resting spent in this place.
 E = Time spent auto-exploring this place.
 F = Levels seen in this place.
 G = Mean time per level.
                   A        B        C        D        E       F      G
               +--------+--------+--------+--------+--------+-----+--------+
         Total |   7150 |   6856 |    294 |      0 |   5006 |   7 | 1021.4 |
       Dungeon |   7046 |   6759 |    287 |      0 |   4933 |   6 | 1174.3 |
        Temple |    104 |     97 |      7 |      0 |     73 |   1 |  104.0 |
               +--------+--------+--------+--------+--------+-----+--------+

Top non-repeatable levels by time:
     D:3: 2147 daAuts
     D:4: 1240 daAuts
     D:2: 1179 daAuts
     D:1: 911 daAuts
     D:6: 894 daAuts
     D:5: 673 daAuts
  Temple: 104 daAuts
